 Dungeon Crawl Stone Soup version 0.25-b1-39-g0d900dab71 (webtiles) character file.

Game seed: 7342375378438062104

80265 funkygono the Peltast (level 15, -32/118 HPs)
             Began as a Minotaur Fighter on June 7, 2020.
             Was a High Priest of Okawaru.
             Killed from afar by Nikola (38 damage)
             ... with a chain lightning
             ... on level 2 of the Spider Nest.
             The game lasted 01:42:19 (27877 turns).

funkygono the Peltast (Minotaur Fighter)           Turns: 27877, Time: 01:42:22

Health: -32/118    AC: 26    Str: 30    XL:     15   Next: 23%
Magic:  19/19      EV: 15    Int: 14    God:    Okawaru [*****.]
Gold:   2689       SH: 20    Dex: 17    Spells: 14/14 levels left

rFire    + . .     SeeInvis +   a - +3 demon whip (vamp)
rCold    + + .     Gourm    .   G - +2 kite shield
rNeg     + + .     Faith    +   c - +0 plate armour of Day {rC+ Str+3 Dex+7}
rPois    +         Spirit   .   B - +0 hat "Bugramn" {Harm rPois}
rElec    .         Reflect  .   T - scarf {rC+ rF+}
rCorr    .         Harm     +   J - +1 pair of gloves of Egalitarianism {rC- rN++ Int+5}
MR       +....                  o - +0 pair of boots
Stlth    ..........             h - amulet of Noufoll {Faith rC+ Int+4}
HPRegen  0.29/turn              R - +4 ring of protection
MPRegen  0.16/turn              s - ring of see invisible

@: heroism
A: retaliatory headbutt, horns 2, frail 1
a: Heroism, Finesse, Renounce Religion


You were on level 2 of the Spider Nest.
You worshipped Okawaru.
Okawaru was extremely pleased with you.
You were not hungry.

You visited 5 branches of the dungeon, and saw 23 of its levels.
You also visited: Gauntlet.

You collected 2689 gold pieces.

Inventory:

Hand Weapons
 a - a +3 vampiric demon whip (weapon)
 b - a +1 hand crossbow of freezing
 y - a +1 flail of venom
 E - a +2 vorpal mace
Missiles
 n - 132 bolts
Armour
 c - the +0 plate armour of Day (worn) {rC+ Str+3 Dex+7}
   (Okawaru gifted it to you on level 1 of the Spider Nest)

   It affects your strength (+3).
   It affects your dexterity (+7).
   It protects you from cold.
 o - a +0 pair of boots (worn)
 B - the +0 hat "Bugramn" (worn) {Harm rPois}
   (You found it in a Gauntlet)

   It protects you from poison.
   It increases damage dealt and taken.
 G - a +2 kite shield (worn)
 J - the +1 pair of gloves of Egalitarianism (worn) {rC- rN++ Int+5}
   (Okawaru gifted it to you on level 6 of the Lair of Beasts)

   It affects your intelligence (+5).
   It makes you vulnerable to cold.
   It greatly protects you from negative energy.
 L - a +2 plate armour of magic resistance
 T - a scarf of resistance (worn)
Jewellery
 g - an uncursed ring of resist corrosion
 h - the amulet of Noufoll (around neck) {Faith rC+ Int+4}
   (You acquired it on level 1 of the Orcish Mines)

   [amulet of faith]

   It allows you to gain divine favour quickly.
   It affects your intelligence (+4).
   It protects you from cold.
 q - an uncursed ring of protection from cold
 s - a ring of see invisible (right hand)
 x - an uncursed amulet of magic regeneration
 R - a +4 ring of protection (left hand)
Wands
 m - a wand of disintegration (12)
 F - a wand of digging (1)
 H - a wand of acid (4)
Scrolls
 e - 7 scrolls of remove curse
 i - 13 scrolls of teleportation
 j - a scroll of identify
 l - 4 scrolls of fog
 p - a scroll of silence
 u - 2 scrolls of fear
 w - 3 scrolls of magic mapping
 C - 2 scrolls of blinking
Potions
 d - 2 potions of lignification
 k - 3 potions of flight
 r - 5 potions of resistance
 t - a potion of invisibility {unknown}
 z - 2 potions of mutation
 A - 3 potions of curing
 D - a potion of haste
 N - 2 potions of stabbing
 P - a potion of might
 Q - 3 potions of heal wounds
 S - a potion of ambrosia {unknown}
Comestibles
 f - 26 rations


   Skills:
 + Level 12.1(17.1) Fighting
 + Level 15.2(20.2) Maces & Flails
 + Level 6.5(11.5) Crossbows
 + Level 12.4(17.4) Armour
 + Level 6.0(11.0) Dodging
 + Level 3.3(8.3) Stealth
 + Level 16.8(21.8) Shields
 + Level 7.2 Invocations
 + Level 6.3 Evocations


You had 14 spell levels left.
You didn't know any spells.
Your spell library contained the following spells:

 Spells                   Type           Power        Failure   Level  Hunger
 Beastly Appendage        Tmut           #.....       80%         1    ##.....
 Foxfire                  Conj/Fire      #...         80%         1    ##.....
 Freeze                   Ice            #...         80%         1    ##.....
 Infusion                 Chrm           #...         80%         1    ##.....
 Sting                    Tmut/Pois      #...         80%         1    ##.....
 Poisonous Vapours        Pois/Air       #.....       90%         2    ###....
 Shroud of Golubria       Chrm/Tloc      #.....       90%         2    ###....
 Song of Slaying          Chrm           #.......     90%         2    ###....
 Sticks to Snakes         Tmut           #.......     90%         2    ###....
 Confusing Touch          Hex            #.......     99%         3    ####...
 Conjure Flame            Conj/Fire      #.......     99%         3    ####...
 Frozen Ramparts          Ice            #.....       99%         3    ####...
 Gell's Gravitas          Tloc           #.........   99%         3    ####...
 Ignite Poison            Fire/Tmut/Pois #.......     99%         3    ####...
 Inner Flame              Hex/Fire       #.......     99%         3    ####...
 Mephitic Cloud           Conj/Pois/Air  #.......     99%         3    ####...
 Ozocubu's Armour         Chrm/Ice       #.......     99%         3    ####...
 Spectral Weapon          Hex/Chrm       #.......     99%         3    ####...
 Spider Form              Tmut/Pois      #.........   99%         3    ####...
 Hailstorm                Conj/Ice       #.......     100%        4    #####..
 Ice Form                 Ice/Tmut       #.......     100%        4    #####..
 Olgreb's Toxic Radiance  Pois           #.......     100%        4    #####..
 Petrify                  Tmut/Erth      #.......     100%        4    #####..
 Sticky Flame             Conj/Fire      #.......     100%        4    #####..
 Summon Ice Beast         Ice/Summ       #.......     100%        4    #####..
 Blade Hands              Tmut           #.........   100%        5    ######.
 Fireball                 Conj/Fire      #.........   100%        5    ######.
 Irradiate                Conj/Tmut      #.........   100%        5    ######.
 Metabolic Englaciation   Hex/Ice        #.........   100%        5    ######.
 Yara's Violent Unravell  Hex/Tmut       #.........   100%        5    ######.
 Hydra Form               Tmut           #.........   100%        6    #######
 Starburst                Conj/Fire      #.........   100%        6    #######
 Statue Form              Tmut/Erth      #........    100%        6    #######
 Dragon Form              Tmut           #.........   100%        7    #######
 Ring of Flames           Chrm/Fire      #.........   100%        7    #######
 Ignition                 Fire           #.........   100%        8    #######


Dungeon Overview and Level Annotations

Branches:
Dungeon (12/15)            Temple (1/1) D:6            Lair (6/6) D:11
 Shoals (0/4) Lair:3       Spider (2/4) Lair:3        Slime (0/5) Lair:5
    Orc (2/2) D:12            Elf (0/3) Orc:2       Gauntlet (visited)

Altars:
Ashenzari
Cheibriados
Dithmenos
Elyvilon
Fedhas
Gozag
Hepliaklqana
Kikubaaqudgha
Makhleb
Nemelex Xobeh
Okawaru
Qazlal
Ru
Sif Muna
Trog
Uskayaw
Vehumet
Wu Jian
Xom
Yredelemnul
Zin
The Shining One
Jiyva
Lugonu

Shops:
D:7 *   Orc:2 *((?

Annotations:
Spider:2 Nikola


Innate Abilities, Weirdness & Mutations

You reflexively headbutt those who attack you in melee.
You have a pair of horns on your head.
You are frail. (-10% HP)


Message History

Nikola is heavily wounded.
You barely miss Nikola. You headbutt Nikola!
Nikola is heavily wounded.
You whack Nikola! Your headbutt misses Nikola.
Nikola is heavily wounded.
Nikola gestures wildly while chanting.
You hear a mighty clap of thunder!
The lightning arc hits you!!!
The lightning arc hits Nikola.
The lightning arc hits you!!
The lightning arc grounds out.
You hear an angry hiss. x4
You barely miss Nikola. You headbutt Nikola!!
Nikola is severely wounded.
You hit Nikola. You headbutt Nikola!
Nikola is severely wounded.
Nikola gestures wildly while chanting.
You hear a mighty clap of thunder!
The lightning arc hits you!!
* * * LOW HITPOINT WARNING * * *
The lightning arc hits Nikola!
The lightning arc hits you!!
You die...

###[. .#.≈≈≈ #≈..≈≈≈
≈(.#≈≈≈ ?≈≈≈≈≈#
#####≈≈≈≈≈≈≈ ...
#####..#@≈≈≈≈# ....
#<.#....@.≈# #
....)#†.####...≈# #≈≈
#........^#.....≈#≈≈≈≈
#####.....##....≈≈≈≈≈#
#......###...#.≈≈≈
#..........#≈.#≈≈#
####.......#≈..≈≈≈
#.........####...
#....#......(.....


You could see Nikola.

Vanquished Creatures
  Asterion (Spider:1)
  Gastronok (D:10)
  A ghost moth (Spider:1)
  2 orc warlords (Orc:2)
  A minotaur (Gauntlet)
  4 hydras
  Erica (Lair:1)
  Harold (D:9)
  A death knight (D:10)
  A centaur warrior (D:10)
  2 two-headed ogres
  A queen ant (Lair:2)
  3 orc high priests (Orc:2)
  The ghost of gruber the Destroyer, a novice DrCj of Vehumet (D:10)
  A soul eater (Gauntlet)
  The ghost of LaGuigne83 the Cleaver, a novice MiBe of Trog (D:7)
  An unseen horror (D:12)
  An obsidian statue (Gauntlet)
  3 oklob plants (Lair:5)
  4 orc knights (Orc:2)
  7 orc sorcerers (Orc:2)
  3 wolf spiders (Spider:1)
  3 deep elf magi (Orc:2)
  An ugly thing (D:12)
  2 orb spiders (Spider:1)
  A manticore (D:11)
  A moth of wrath (D:7)
  9 elephants
  A centaur zombie (D:11)
  4 black mambas
  A rime drake (Lair:4)
  A gargoyle (D:11)
  29 spiny frogs
  A minotaur zombie (Gauntlet)
  4 demonic crawlers (Spider:1)
  Maggie (D:9)
  3 komodo dragons
  A troll (D:12)
  5 tyrant leeches (Lair:6)
  26 blink frogs
  8 jumping spiders
  A merfolk (D:10)
  A polar bear (Lair:5)
  Grinder (D:5)
  A hornet (D:9)
  8 hippogriffs
  A snapping turtle (Lair:3)
  6 flying skulls (Gauntlet)
  2 tarantellas
  26 yaks
  7 redbacks (Spider:1)
  3 wyverns
  3 hungry ghosts
  A wraith (D:11)
  6 vampire mosquitoes
  4 basilisks
  3 wargs
  20 soldier ants (Lair:2)
  18 water moccasins
  5 porcupines
  2 acid dragons
  A floating eye (Lair:5)
  An ice beast (D:7)
  4 black bears
  A hornet zombie (D:9)
  An eye of draining (D:9)
  22 orc warriors
  An ogre (shapeshifter) (D:9)
  7 ogres
  9 wolves (Lair:5)
  2 centaurs
  9 crocodiles
  2 big kobolds
  32 bullfrogs
  A gnoll sergeant (D:5)
  A water moccasin zombie (D:4)
  3 scorpions
  10 killer bees
  14 wights
  5 electric eels
  4 howler monkeys
  2 bullfrog zombies
  3 crimson imps
  6 hounds
  15 orc priests
  2 centaur skeletons
  2 jellies
  2 bullfrog skeletons
  An iron imp (D:8)
  A gnoll shaman (Orc:2)
  5 iguanas
  26 worker ants
  17 orc wizards
  4 hell rats (Lair:5)
  A killer bee zombie (D:5)
  3 hound zombies
  3 hound skeletons
  3 worker ant zombies (D:4)
  9 gnolls
  A howler monkey zombie (D:4)
  16 adders
  A howler monkey skeleton (D:4)
  4 shadow imps
  An ooze (D:5)
  3 adder zombies (D:4)
  3 adder skeletons
  2 dart slugs
  4 worms
  4 leopard geckos
  57 orcs
  6 bats
  2 giant cockroaches
  9 hobgoblins
  5 jackals
  2 quokkas
  2 ball pythons
  7 frilled lizards
  A giant cockroach zombie (D:4)
  5 goblins
  20 kobolds
  3 leopard gecko skeletons
  10 rats
  A plant (D:11)
667 creatures vanquished.

Vanquished Creatures (collateral kills)
  An orc wizard (Orc:2)
1 creature vanquished.

Vanquished Creatures (others)
  An elephant (Lair:4)
  An orc (Orc:2)
  29 fungi
  56 plants
87 creatures vanquished.

Grand Total: 755 creatures vanquished

Notes
Turn   | Place    | Note
-------+----------+-------------------------------------------
     0 | D:1      | funkygono the Minotaur Fighter began the quest for the Orb.
     0 | D:1      | Reached XP level 1. HP: 19/19 MP: 0/0
   295 | D:1      | Reached XP level 2. HP: 26/26 MP: 1/1
   484 | D:1      | Reached skill level 4 in Shields
  1207 | D:2      | Reached XP level 3. HP: 33/33 MP: 2/2
  1640 | D:2      | Reached skill level 1 in Dodging
  1823 | D:2      | Found a glowing silver altar of Zin.
  2215 | D:3      | Reached XP level 4. HP: 40/40 MP: 3/3
  2506 | D:3      | Reached XP level 5. HP: 19/46 MP: 4/4
  3532 | D:4      | Reached skill level 5 in Armour
  3542 | D:4      | Reached skill level 5 in Maces & Flails
  3542 | D:4      | Reached XP level 6. HP: 45/53 MP: 5/5
  3765 | D:4      | Reached skill level 5 in Shields
  3823 | D:4      | Noticed a fire elemental
  3825 | D:4      | Found a stormy altar of Qazlal.
  3826 | D:4      | Noticed an air elemental
  3826 | D:4      | Noticed a water elemental
  4181 | D:4      | Reached XP level 7. HP: 43/60 MP: 6/6
  4348 | D:5      | Entered Level 5 of the Dungeon
  4811 | D:5      | Noticed Grinder
  4819 | D:5      | Killed Grinder
  4819 | D:5      | Reached skill level 5 in Fighting
  4863 | D:5      | Found an ancient bone altar of Kikubaaqudgha.
  4865 | D:5      | Found a radiant altar of Vehumet.
  4873 | D:5      | Found a sparkling altar of Nemelex Xobeh.
  5445 | D:6      | Found a glowing golden altar of the Shining One.
  5510 | D:6      | Found a blossoming altar of Fedhas.
  5510 | D:6      | Found a hazy altar of Hepliaklqana.
  5553 | D:6      | Found an ornate altar of the Wu Jian Council.
  5605 | D:6      | Found a staircase to the Ecumenical Temple.
  5612 | Temple   | Entered the Ecumenical Temple
  5628 | Temple   | Became a worshipper of Warmaster Okawaru
  5705 | D:6      | Found a shattered altar of Ashenzari.
  5712 | D:6      | Found a white marble altar of Elyvilon.
  5719 | D:6      | Reached XP level 8. HP: 68/68 MP: 7/7
  6026 | D:7      | Reached skill level 6 in Shields
  6090 | D:7      | Reached skill level 1 in Stealth
  6369 | D:7      | Reached * piety under Okawaru
  6483 | D:7      | Reached skill level 7 in Shields
  6574 | D:7      | Reached XP level 9. HP: 73/75 MP: 8/8
  6640 | D:7      | Reached ** piety under Okawaru
  6738 | D:7      | Found Sess's General Store.
  6784 | D:7      | Found a basalt altar of Yredelemnul.
  6802 | D:7      | Found a transporter.
  6807 | D:7      | Found a transporter.
  6810 | D:7      | Noticed LaGuigne83's ghost (novice MiBe)
  6810 | D:7      | Noticed a moth of wrath
  7534 | D:8      | Found a snail-covered altar of Cheibriados.
  7805 | D:9      | Reached skill level 10 in Maces & Flails
  7805 | D:9      | Reached skill level 8 in Shields
  7875 | D:9      | Reached skill level 1 in Invocations
  8167 | D:9      | Noticed Harold
  8213 | D:9      | Killed Harold
  8213 | D:9      | Reached *** piety under Okawaru
  8213 | D:9      | Reached XP level 10. HP: 56/84 MP: 10/10
  8416 | D:9      | Noticed Maggie
  8434 | D:9      | Killed Maggie
  8719 | D:10     | Entered Level 10 of the Dungeon
  8971 | D:10     | Noticed a centaur warrior
  8972 | D:10     | Noticed a death knight
  8972 | D:10     | Noticed gruber's ghost (novice DrCj)
  8973 | D:10     | Found a runed translucent gate.
  8975 | D:10     | Found a runed translucent gate.
  8975 | D:10     | Found a runed translucent gate.
  9159 | D:10     | Reached skill level 9 in Shields
  9235 | D:10     | Noticed Gastronok
  9258 | D:10     | Killed Gastronok
  9258 | D:10     | Reached **** piety under Okawaru
  9941 | D:11     | Noticed a manticore
  9959 | D:11     | Killed a manticore
  9959 | D:11     | Reached XP level 11. HP: 72/92 MP: 10/12
 10089 | D:11     | Noticed a two-headed ogre
 10102 | D:11     | Killed a two-headed ogre
 10102 | D:11     | Reached skill level 10 in Shields
 10862 | D:11     | Found a staircase to the Lair.
 11595 | D:7      | Killed LaGuigne83's ghost
 11595 | D:7      | Reached ***** piety under Okawaru
 11814 | Lair:1   | Entered Level 1 of the Lair of Beasts
 12245 | Lair:1   | Received a gift from Okawaru
 12284 | Lair:1   | Noticed Erica
 12306 | Lair:1   | Killed Erica
 12306 | Lair:1   | Reached skill level 5 in Dodging
 12306 | Lair:1   | Reached skill level 11 in Shields
 12801 | Lair:1   | Noticed a seven-headed hydra
 12809 | Lair:1   | Killed a seven-headed hydra
 13668 | Lair:2   | Reached XP level 12. HP: 97/103 MP: 14/14
 13971 | Lair:2   | Reached skill level 12 in Shields
 14107 | Lair:2   | Noticed a queen ant
 14141 | Lair:2   | Killed a queen ant
 14815 | Lair:3   | Noticed a six-headed hydra
 14830 | Lair:3   | Killed a six-headed hydra
 14890 | Lair:3   | Found a hole to the Spider Nest.
 14984 | Lair:3   | Reached skill level 10 in Armour
 15155 | Lair:3   | Found a staircase to the Shoals.
 15266 | Lair:3   | Reached skill level 5 in Invocations
 15546 | Lair:3   | Reached skill level 13 in Shields
 16303 | Lair:4   | Reached XP level 13. HP: 73/111 MP: 15/15
 16490 | Lair:4   | Reached skill level 5 in Evocations
 16791 | Lair:4   | Received a gift from Okawaru
 17417 | Lair:5   | Found a viscous altar of Jiyva.
 17417 | Lair:5   | Found a staircase to the Slime Pits.
 17486 | Lair:5   | Reached skill level 10 in Fighting
 18565 | Lair:5   | Upgraded the game from 0.25-b1-37-g2669288c55 to
                  | 0.25-b1-39-g0d900dab71
 18595 | Lair:6   | Entered Level 6 of the Lair of Beasts
 18750 | Lair:5   | Reached skill level 14 in Shields
 20030 | Lair:6   | Received a gift from Okawaru
 20030 | Lair:6   | Reached skill level 15 in Shields
 20033 | Lair:6   | Got a pair of ancient gloves {god gift}
 20040 | Lair:6   | Identified the +1 pair of gloves of Egalitarianism {rC-
                  | rN++ Int+5} (Okawaru gifted it to you on level 6 of the
                  | Lair of Beasts)
 20048 | Lair:6   | Reached XP level 14. HP: 73/122 MP: 17/17
 21466 | D:12     | Found a radiant altar of Vehumet.
 21543 | D:12     | Found a gate leading to a gauntlet.
 21598 | D:12     | Reached skill level 1 in Crossbows
 21657 | Gauntlet | Entered a Gauntlet
 21657 | Gauntlet | Found a transporter.
 21671 | Gauntlet | Found a transporter.
 21682 | Gauntlet | Found a transporter.
 21688 | Gauntlet | Found a transporter.
 21703 | Gauntlet | Found a transporter.
 21722 | Gauntlet | Found a transporter.
 21724 | Gauntlet | Found the +0 mask of the Dragon {MR+ Slay+3 SInv}
 21734 | Gauntlet | Found a transporter.
 21739 | Gauntlet | Found a transporter.
 21741 | Gauntlet | Found a transporter.
 21762 | Gauntlet | Found a transporter.
 21770 | Gauntlet | Found a large runed translucent door.
 21771 | Gauntlet | Found a large runed translucent door.
 21772 | Gauntlet | Found a large runed translucent door.
 21772 | Gauntlet | Found a large runed translucent door.
 21773 | Gauntlet | Found a runed translucent gate.
 21774 | Gauntlet | Found a transporter.
 21774 | Gauntlet | Found a runed translucent gate.
 21775 | Gauntlet | Found a runed translucent gate.
 21776 | Gauntlet | Found a large runed translucent door.
 21776 | Gauntlet | Found a large runed translucent door.
 21777 | Gauntlet | Found a large runed translucent door.
 21778 | Gauntlet | Found a large runed translucent door.
 21855 | Gauntlet | Found a transporter.
 21943 | Gauntlet | Found a transporter.
 21947 | Gauntlet | Found a transporter.
 21970 | Gauntlet | Found a large runed translucent door.
 21970 | Gauntlet | Found a large runed translucent door.
 21970 | Gauntlet | Found a runed translucent door.
 21970 | Gauntlet | Found a runed translucent door.
 21971 | Gauntlet | Found a large runed translucent door.
 21972 | Gauntlet | Found a large runed translucent door.
 21974 | Gauntlet | Found a transporter.
 21976 | Gauntlet | Found a transporter.
 22092 | Gauntlet | Found a large runed translucent door.
 22092 | Gauntlet | Found a large runed translucent door.
 22093 | Gauntlet | Found a large runed translucent door.
 22094 | Gauntlet | Found a large runed translucent door.
 22096 | Gauntlet | Found a transporter.
 22145 | Gauntlet | Found a transporter.
 22248 | Gauntlet | Noticed an entropy weaver
 22248 | Gauntlet | a fire dragon changed into an entropy weaver
 22259 | Gauntlet | an entropy weaver changed into a fire dragon
 22262 | Gauntlet | Noticed a ghost moth
 22262 | Gauntlet | a fire dragon changed into a ghost moth
 22263 | Gauntlet | a ghost moth changed into an alligator
 22275 | Gauntlet | Noticed a ghost moth
 22275 | Gauntlet | a tyrant leech changed into a ghost moth
 22278 | Gauntlet | a ghost moth changed into an ice dragon
 22390 | Gauntlet | Got a faintly humming hat
 22401 | Gauntlet | Identified the +0 hat "Bugramn" {Harm rPois} (You found it
                  | in a Gauntlet)
 22434 | Gauntlet | Reached skill level 15 in Maces & Flails
 22557 | Gauntlet | Got a faintly glowing plate armour
 22569 | Gauntlet | Identified the cursed +0 plate armour "Loagin" {rElec Int+3
                  | Stlth-} (You found it in a Gauntlet)
 22571 | Gauntlet | Got a shimmering ring mail
 22583 | Gauntlet | Identified the cursed +1 ring mail of Impermeability {Dex+2
                  | Stlth+} (You found it in a Gauntlet)
 23216 | D:12     | Found a staircase to the Orcish Mines.
 23817 | D:12     | Reached skill level 16 in Shields
 23986 | D:10     | Killed gruber's ghost
 24134 | Orc:1    | Entered Level 1 of the Orcish Mines
 24655 | Orc:1    | Identified a scroll of acquirement
 24656 | Orc:1    | Got the amulet of Noufoll {Faith rC+ Int+4}
 24678 | Orc:2    | Entered Level 2 of the Orcish Mines
 24678 | Orc:2    | Found a staircase to the Elven Halls.
 24957 | Orc:2    | Noticed an orc warlord
 25328 | Orc:2    | Noticed an orc warlord
 25342 | Orc:2    | Killed an orc warlord
 25392 | Orc:2    | Received a gift from Okawaru
 25728 | Orc:2    | Killed an orc warlord
 25947 | Orc:2    | Reached skill level 5 in Crossbows
 26032 | Orc:2    | Paralysed by an orc sorcerer for 7 turns
 26033 | Orc:2    | Gained mutation: You are frail. (-10% HP) [a neqoxec]
 26167 | Orc:2    | Found Kuov's Weapon Shoppe.
 26167 | Orc:2    | Found Mecer's General Store.
 26170 | Orc:2    | Found Irerph's Magic Scroll Shoppe.
 26170 | Orc:2    | Found Nohath's Antique Weapon Shop.
 26514 | Spider:1 | Entered Level 1 of the Spider Nest
 26640 | Spider:1 | Reached XP level 15. HP: 118/118 MP: 19/19
 26856 | Spider:1 | Noticed a ghost moth
 26879 | Spider:1 | Killed a ghost moth
 27137 | Spider:1 | Noticed Asterion
 27171 | Spider:1 | Killed Asterion
 27494 | Spider:1 | Received a gift from Okawaru
 27497 | Spider:1 | Got a warped plate armour {god gift}
 27806 | Spider:1 | Identified the +0 plate armour of Day {rC+ Str+3 Dex+7}
                  | (Okawaru gifted it to you on level 1 of the Spider Nest)
 27860 | Spider:2 | Noticed Nikola
 27877 | Spider:2 | Killed from afar by Nikola

Illustrated notes

Levels and vault maps discovered:
D:1:      dpeg_arrival_simpleton_b, layout_loops_corners, hex_medium,
          minivault_4
D:2:      layout_loops_ring, old_standard_altar, bh_walls_and_bars
D:3:      minmay_bubble_buster, layout_basic, first_ration
D:4:      layout_gridville, nicolae_qazlal_style_of_elements, serial_undead,
          serial_undead_f, serial_undead_e, serial_undead_a, serial_undead_a,
          serial_undead_c, serial_undead_c, minmay_vboxes
D:5:      layout_basic, nemelex_xobeh_ov_fountains_minmay,
          chequers_temple_overflow_statue_of_worship, grunt_decor_arrowhead,
          uniq_grinder
D:6:      layout_cave_pools, nicolae_overflow_hidden_temple,
          kennysheep_little_box, minmay_temple_entry_gardened_gates
D:7:      layout_gridville, marbit_many_paths, serial_shops, shop,
          gammafunk_ghost_berserking_beasts
D:8:      layout_basic, slow_altar_2
D:9:      layout_basic, uniq_maggie, uniq_harold
D:10:     layout_gridville, gammafunk_ghost_split, hangedman_fish_farm,
          uniq_gastronok
D:11:     layout_layer_cave, grunt_lair_entry_orc_guard_hut
D:12:     layout_loops_corners, david_orc_4, gauntlet_entry_generic,
          lemuel_statue_altar
Temple:   corrupted_temple
Lair:1:   layout_cave_pods, lemuel_fruit_tree, serial_bayou_shore_a,
          infiniplex_staircase_pool, uniq_erica
Lair:2:   layout_regular_city, minivault_11, minivault_29, grunt_megastairs_4
Lair:3:   layout_roguey, minmay_shoals_entry_hut, spider_nest_entry_rubble,
          grunt_megastairs_3
Lair:4:   layout_loops_ring, beast_lair_carwin_5
Lair:5:   layout_hall_layers, dpeg_slime_entry_enclosed_altar, disabler_island,
          lemuel_fruit_fields
Lair:6:   minmay_lair_end_frog_pond, layout_regular_city
Spider:1: layout_spider_delve, guppyfry_spider_mini_2, uniq_asterion
Spider:2: layout_spider_delve, nicolae_spider_cling_ruins, uniq_nikola,
          uniq_agnes
Orc:1:    layout_caves, nicolae_orc_sculptors_studio
Orc:2:    grunt_orc_tribal_feast, layout_caves, elf_legates

Skill      XL: |  1  2  3  4  5  6  7  8  9 10 11 12 13 14 15 |
---------------+----------------------------------------------+-----
Shields        | 4 5 7 8 9 11 13 15 16 | 16.8
Armour         | 4 5 6 7 8 9 10 11 12 | 12.4
Maces & Flails | 3 5 6 7 9 11 12 13 14 15 | 15.2
Dodging        | 1 2 3 4 5 6 |  6.0
Fighting       | 4 5 6 7 8 9 10 11 12 | 12.1
Stealth        | 2 3 |  3.3
Invocations    | 1 3 4 5 6 7 |  7.2
Evocations     | 2 3 4 6 |  6.3
Crossbows      | 5 6 |  6.5

Action                   |  1- 3 |  4- 6 |  7- 9 | 10-12 | 13-15 || total
-------------------------+-------+-------+-------+-------+-------++-------
Melee: Flail             |   129 |   223 |   269 |       |    26 ||   647
       Headbutt          |    20 |    42 |    74 |   180 |   309 ||   625
       Mace              |       |       |   108 |   774 |  1158 ||  2040
       Demon whip        |       |       |       |       |    14 ||    14
 Fire: Hand crossbow     |       |       |       |       |   215 ||   215
Invok: Heroism           |       |       |     9 |    39 |    79 ||   127
       Finesse           |       |       |       |       |     4 ||     4
Evoke: Wand              |       |       |     1 |    58 |    64 ||   123
       Phantom mirror    |       |       |       |       |     1 ||     1
  Use: Scroll            |     7 |     2 |    13 |    11 |    10 ||    43
       Potion            |       |     2 |     1 |       |     4 ||     7
 Stab: Confused          |       |       |     1 |       |       ||     1
       Distracted        |       |       |     1 |       |     1 ||     2
  Eat: Chunk             |     4 |     7 |    15 |    11 |    16 ||    53
       Ration            |       |       |       |     5 |     7 ||    12
Armor: Scale mail        |    40 |       |    81 |    79 |       ||   200
       Chain mail        |     6 |   123 |    25 |       |       ||   154
       Plate armour      |       |       |       |    96 |   418 ||   514
Dodge: Dodged            |    27 |    49 |    77 |   194 |   315 ||   662
Block: Kite shield       |    67 |   109 |   163 |   416 |   897 ||  1652
